| TOP OF THE 1ST |
|
Clinton Pilots batting - Pitching for Burlington Bees : RHP Jim McCoy
|
|
Pitching: RHP Jim McCoy
|
|
|
Batting: RHB Danny Chairez
|
0-0: Ball 1-0: Fly out, F4 (Line Drive, 4, EV 70.0 MPH)
|
|
Batting: RHB Tom Riley
|
0-0: Ball 1-0: Swinging Strike 1-1: Foul Ball, location: 2F 1-2: Ball 2-2: Ball 3-2: Strikes out looking
|
|
Batting: SHB Alan Regier
|
0-0: Ball 1-0: Swinging Strike 1-1: Ball 2-1: Ball 3-1: Swinging Strike 3-2: Foul Ball, location: 2F 3-2: Base on Balls
|
|
Batting: RHB Abe Rael
|
0-0: Ball 1-0: Called Strike 1-1: Fly out, F8 (Flyball, 78M, EV 92.5 MPH)
|
| Top of the 1st over - 0 runs, 0 hits, 0 errors, 1 left on base; Clinton 0 - Burlington 0 |
| BOTTOM OF THE 1ST |
|
Burlington Bees batting - Pitching for Clinton Pilots : LHP Michael Weiermiller
|
|
Pitching: LHP Michael Weiermiller
|
|
|
Batting: RHB Kenneth Patterson
|
0-0: DOUBLE (Flyball, 8RXD, EV 85.6 MPH)
|
|
Batting: RHB Mike Quade
|
0-0: Ball 1-0: Ball 2-0: Ball 3-0: Called Strike 3-1: Foul Ball, location: 2F 3-2: Ground out 5-3 (Groundball, 56, EV 86.9 MPH)
|
|
Batting: LHB Herm Winningham
|
0-0: Ball 1-0: Fly out, F6 (Flyball, 56D, EV 75.6 MPH)
|
|
Batting: LHB Brian Devalk
|
0-0: Ball 1-0: Ball 2-0: SINGLE (Groundball, 34D, EV 96.9 MPH) (infield hit) Kenneth Patterson to third
|
|
Batting: RHB Bob Hicks
|
0-0: Ball 1-0: Foul Ball, location: 2F 1-1: Swinging Strike 1-2: Fly out, F9 (Flyball, 9, EV 93.1 MPH)
|
| Bottom of the 1st over - 0 runs, 2 hits, 0 errors, 2 left on base; Clinton 0 - Burlington 0 |
| TOP OF THE 2ND |
|
Clinton Pilots batting - Pitching for Burlington Bees : RHP Jim McCoy
|
|
Batting: LHB Thomas Berti
|
0-0: Fly out, F4 (Popup, 4S, EV 72.5 MPH)
|
|
Batting: RHB Alberto Reyes
|
0-0: Ball 1-0: SINGLE (Groundball, 56S, EV 66.9 MPH) (infield hit)
|
|
Batting: RHB Barry Siebert
|
0-0: Called Strike 0-1: Grounds into double play, 4-6-3 (Groundball, 4, EV 100.0 MPH)
|
| Top of the 2nd over - 0 runs, 1 hit, 0 errors, 0 left on base; Clinton 0 - Burlington 0 |
| BOTTOM OF THE 2ND |
|
Burlington Bees batting - Pitching for Clinton Pilots : LHP Michael Weiermiller
|
|
Batting: RHB Collin Tanabe
|
0-0: Foul Ball, location: 2F 0-1: Ball 1-1: Ball 2-1: Ball 3-1: Foul Ball, location: 2F 3-2: Foul Ball, location: 2F 3-2: Foul Ball, location: 2F 3-2: Foul Ball, location: 2F 3-2: Base on Balls
|
|
Batting: RHB James Noonan
|
0-0: Called Strike 0-1: Ball 1-1: Foul Ball, location: 2F 1-2: Strikes out swinging
|
|
Batting: RHB Mike Morse
|
0-0: Ball 1-0: Ball 2-0: Ball 3-0: Base on Balls Collin Tanabe to second
|
|
Batting: RHB Kevin MacDonald
|
0-0: Ball 1-0: Ball 2-0: Called Strike 2-1: Foul Ball, location: 2F 2-2: Ball 3-2: Foul Ball, location: 2F 3-2: DOUBLE (Line Drive, 9LS, EV 91.3 MPH) Collin Tanabe scores Mike Morse to third Runner from 3rd tries for Home, SAFE, throw by RF to home
|
|
Batting: RHB Kenneth Patterson
|
0-0: Foul Ball, location: 2F 0-1: Foul Ball, location: 2F 0-2: Ball 1-2: DOUBLE (Flyball, 5D, EV 90.6 MPH) Kevin MacDonald scores
|
|
Batting: RHB Mike Quade
|
0-0: Ball 1-0: Called Strike 1-1: Called Strike 1-2: Ball 2-2: Ball 3-2: Foul Ball, location: 2F 3-2: Foul Ball, location: 2F 3-2: Ground out 6-3 (Groundball, 6, EV 94.4 MPH) Kenneth Patterson to third
|
|
Batting: LHB Herm Winningham
|
0-0: Ball 1-0: Swinging Strike 1-1: Foul Ball, location: 2F 1-2: Foul Ball, location: 2F 1-2: Strikes out looking
|
| Bottom of the 2nd over - 3 runs, 2 hits, 0 errors, 1 left on base; Clinton 0 - Burlington 3 |
| TOP OF THE 3RD |
|
Clinton Pilots batting - Pitching for Burlington Bees : RHP Jim McCoy
|
|
Batting: LHB Epifano Martinez
|
0-0: Ball 1-0: Ball 2-0: Ball 3-0: Called Strike 3-1: Base on Balls
|
|
Batting: RHB Mark Parent
|
0-0: Ball 1-0: Grounds into double play, 4-6-3 (Groundball, 34, EV 78.1 MPH)
|
|
Batting: RHB Danny Chairez
|
0-0: Foul Ball, location: 2F 0-1: Ball 1-1: Ball 2-1: Ball 3-1: Foul Ball, location: 2F 3-2: Strikes out swinging
|
| Top of the 3rd over - 0 runs, 0 hits, 0 errors, 0 left on base; Clinton 0 - Burlington 3 |
| BOTTOM OF THE 3RD |
|
Burlington Bees batting - Pitching for Clinton Pilots : LHP Michael Weiermiller
|
|
Batting: LHB Brian Devalk
|
0-0: Foul Ball, location: 2F 0-1: Swinging Strike 0-2: Foul Ball, location: 2F 0-2: Ball 1-2: Strikes out swinging
|
|
Batting: RHB Bob Hicks
|
0-0: Ball 1-0: Called Strike 1-1: Foul Ball, location: 2F 1-2: SINGLE (Line Drive, 8RS, EV 106.3 MPH)
|
|
Batting: RHB Collin Tanabe
|
0-0: Swinging Strike 0-1: Swinging Strike 0-2: Ball 1-2: Foul Ball, location: 2F 1-2: Fly out, F8 (Line Drive, 8RM, EV 95.0 MPH)
|
|
Batting: RHB James Noonan
|
0-0: Foul Ball, location: 2F 0-1: Fly out, F8 (Flyball, 8LM, EV 91.3 MPH)
|
| Bottom of the 3rd over - 0 runs, 1 hit, 0 errors, 1 left on base; Clinton 0 - Burlington 3 |
| TOP OF THE 4TH |
|
Clinton Pilots batting - Pitching for Burlington Bees : RHP Jim McCoy
|
|
Batting: RHB Tom Riley
|
0-0: Called Strike 0-1: Ball 1-1: Ball 2-1: DOUBLE (Line Drive, 89D, EV 107.5 MPH)
|
|
Batting: SHB Alan Regier
|
0-0: Ball 1-0: Called Strike 1-1: Ball 2-1: Ball 3-1: Base on Balls
|
|
Batting: RHB Abe Rael
|
0-0: Foul Ball, location: 2F 0-1: Ball 1-1: Ball 2-1: Grounds into double play, 5-4-3 (Groundball, 56, EV 78.1 MPH) Tom Riley to third
|
|
Batting: LHB Thomas Berti
|
0-0: Ball 1-0: Ground out 4-3 (Groundball, 4MD, EV 88.1 MPH)
|
| Top of the 4th over - 0 runs, 1 hit, 0 errors, 1 left on base; Clinton 0 - Burlington 3 |
| BOTTOM OF THE 4TH |
|
Burlington Bees batting - Pitching for Clinton Pilots : LHP Michael Weiermiller
|
|
Batting: RHB Mike Morse
|
0-0: Ground out U3 (Groundball, 34S, EV 81.3 MPH)
|
|
Batting: RHB Kevin MacDonald
|
0-0: Called Strike 0-1: Swinging Strike 0-2: Foul Ball, location: 2F 0-2: Ball 1-2: SINGLE (Line Drive, 4MD, EV 95.0 MPH)
|
|
Batting: RHB Kenneth Patterson
|
0-0: Fielders Choice at 2nd, 4-6 (Groundball, 4, EV 103.8 MPH)
|
|
Batting: RHB Mike Quade
|
0-0: Called Strike 0-1: Called Strike 0-2: Ball 1-2: Ball 2-2: Ball Wild Pitch! Kenneth Patterson to second 3-2: Foul Ball, location: 2F 3-2: Fly out, F8 (Flyball, 8RD, EV 101.3 MPH)
|
| Bottom of the 4th over - 0 runs, 1 hit, 0 errors, 1 left on base; Clinton 0 - Burlington 3 |
| TOP OF THE 5TH |
|
Clinton Pilots batting - Pitching for Burlington Bees : RHP Jim McCoy
|
|
Batting: RHB Alberto Reyes
|
0-0: Ball 1-0: Ball 2-0: Ball 3-0: Called Strike 3-1: Base on Balls
|
|
Batting: RHB Barry Siebert
|
0-0: Ball 1-0: Sac Bunt to P - play at first, batter OUT! 1-4 Alberto Reyes to second
|
|
Batting: LHB Epifano Martinez
|
0-0: Ball Alberto Reyes steals 3rd base 1-0: Called Strike 1-1: Ball 2-1: SINGLE (Groundball, 4MD, EV 104.4 MPH) Alberto Reyes scores
|
|
Batting: RHB Mark Parent
|
0-0: Ball 1-0: Called Strike 1-1: Called Strike Epifano Martinez steals 2nd base 1-2: Foul Ball, location: 2F 1-2: Fly out, F9 (Flyball, 89D, EV 105.6 MPH) Runner from 2nd tags up, SAFE at 3rd, no throw by RF
|
|
Batting: RHB Danny Chairez
|
0-0: Called Strike 0-1: Ball 1-1: Foul Ball, location: 2F 1-2: Ball 2-2: Strikes out swinging
|
| Top of the 5th over - 1 run, 1 hit, 0 errors, 1 left on base; Clinton 1 - Burlington 3 |
| BOTTOM OF THE 5TH |
|
Burlington Bees batting - Pitching for Clinton Pilots : LHP Michael Weiermiller
|
|
Batting: LHB Herm Winningham
|
0-0: Swinging Strike 0-1: Called Strike 0-2: Ball 1-2: Foul Ball, location: 2F 1-2: Strikes out swinging
|
|
Batting: LHB Brian Devalk
|
0-0: Called Strike 0-1: Swinging Strike 0-2: Strikes out swinging
|
|
Batting: RHB Bob Hicks
|
0-0: Called Strike 0-1: Ball 1-1: Fly out, F8 (Flyball, 8RM, EV 89.4 MPH)
|
| Bottom of the 5th over - 0 runs, 0 hits, 0 errors, 0 left on base; Clinton 1 - Burlington 3 |
| TOP OF THE 6TH |
|
Clinton Pilots batting - Pitching for Burlington Bees : RHP Jim McCoy
|
|
Batting: RHB Tom Riley
|
0-0: Ball 1-0: Ground out 6-3 (Groundball, 6, EV 103.1 MPH)
|
|
Batting: SHB Alan Regier
|
0-0: Reached on error, E4 (Groundball, 4, EV 83.8 MPH)
|
|
Batting: RHB Abe Rael
|
0-0: Called Strike Alan Regier steals 2nd base 0-1: Foul Ball, location: 2F 0-2: Foul Ball, location: 2F 0-2: Foul Ball, location: 2F 0-2: Ground out 6-3 (Groundball, 6, EV 93.8 MPH) Alan Regier to third
|
|
Batting: LHB Thomas Berti
|
0-0: Ball 1-0: Called Strike 1-1: SINGLE (Line Drive, 4MD, EV 98.1 MPH) Alan Regier scores
|
|
Batting: RHB Alberto Reyes
|
0-0: Ball Thomas Berti steals 2nd base 1-0: Called Strike 1-1: Called Strike 1-2: Ground out 5-3 (Groundball, 56S, EV 79.4 MPH)
|
| Top of the 6th over - 1 run, 1 hit, 1 error, 1 left on base; Clinton 2 - Burlington 3 |
| BOTTOM OF THE 6TH |
|
Burlington Bees batting - Pitching for Clinton Pilots : LHP Michael Weiermiller
|
|
Batting: RHB Collin Tanabe
|
0-0: Ball 1-0: Ground out U3 (Groundball, 3S, EV 86.3 MPH)
|
|
Batting: RHB James Noonan
|
0-0: Ball 1-0: SOLO HOME RUN (Flyball, 9D, EV 111.3 MPH), Distance : 366 ft
|
|
Batting: RHB Mike Morse
|
0-0: Ball 1-0: Ball 2-0: Foul Ball, location: 2F 2-1: SINGLE (Groundball, 56, EV 103.8 MPH)
|
|
Batting: RHB Kevin MacDonald
|
0-0: Ball 1-0: Grounds into double play, 6-4-3 (Groundball, 6, EV 80.0 MPH)
|
| Bottom of the 6th over - 1 run, 2 hits, 0 errors, 0 left on base; Clinton 2 - Burlington 4 |
| TOP OF THE 7TH |
|
Clinton Pilots batting - Pitching for Burlington Bees : RHP Jim McCoy
|
|
Batting: RHB Barry Siebert
|
0-0: Called Strike 0-1: Ground out 5-3 (Groundball, 56, EV 83.8 MPH)
|
|
Batting: LHB Epifano Martinez
|
0-0: Fly out, F8 (Line Drive, 8LM, EV 96.3 MPH)
|
|
Batting: RHB Mark Parent
|
0-0: Ground out 5-3 (Groundball, 56, EV 88.8 MPH)
|
| Top of the 7th over - 0 runs, 0 hits, 0 errors, 0 left on base; Clinton 2 - Burlington 4 |
| BOTTOM OF THE 7TH |
|
Burlington Bees batting - Pitching for Clinton Pilots : LHP Michael Weiermiller
|
|
Batting: RHB Kenneth Patterson
|
0-0: Foul Ball, location: 2F 0-1: Ball 1-1: Foul Ball, location: 2F 1-2: Ground out 4-3 (Groundball, 4M, EV 110.0 MPH)
|
|
Batting: RHB Mike Quade
|
0-0: Swinging Strike 0-1: Foul Ball, location: 2F 0-2: Foul Ball, location: 2F 0-2: Strikes out swinging
|
|
Batting: LHB Herm Winningham
|
0-0: Called Strike 0-1: Fly out, F4 (Flyball, 34D, EV 83.1 MPH)
|
| Bottom of the 7th over - 0 runs, 0 hits, 0 errors, 0 left on base; Clinton 2 - Burlington 4 |
| TOP OF THE 8TH |
|
Clinton Pilots batting - Pitching for Burlington Bees : RHP Jim McCoy
|
|
Batting: RHB Danny Chairez
|
0-0: Ball 1-0: Called Strike 1-1: Called Strike 1-2: Ground out 6-3 (Groundball, 6, EV 79.4 MPH)
|
|
Batting: RHB Tom Riley
|
0-0: Called Strike 0-1: Ball 1-1: Ball 2-1: Foul Ball, location: 2F 2-2: Foul Ball, location: 2F 2-2: Strikes out swinging
|
|
Batting: SHB Alan Regier
|
0-0: Ball 1-0: Fly out, F9 (Flyball, 9LM, EV 90.6 MPH)
|
| Top of the 8th over - 0 runs, 0 hits, 0 errors, 0 left on base; Clinton 2 - Burlington 4 |
| BOTTOM OF THE 8TH |
|
Burlington Bees batting - Pitching for Clinton Pilots : LHP Michael Weiermiller
|
|
Batting: LHB Brian Devalk
|
0-0: Called Strike 0-1: Foul Ball, location: 2F 0-2: Ball 1-2: Fly out, F8 (Flyball, 8LD, EV 103.8 MPH)
|
|
Pitching: RHP Robert Davis
|
|
|
Batting: RHB Bob Hicks
|
0-0: Called Strike 0-1: Ball 1-1: Called Strike 1-2: Fly out, F8 (Flyball, 78M, EV 84.4 MPH)
|
|
Batting: RHB Collin Tanabe
|
0-0: Ball 1-0: Called Strike 1-1: Ball 2-1: SINGLE (Line Drive, 56, EV 101.3 MPH)
|
|
Batting: RHB James Noonan
|
0-0: Ball 1-0: Called Strike 1-1: Ball 2-1: Ball 3-1: Ground out 4-3 (Groundball, 34, EV 101.9 MPH)
|
| Bottom of the 8th over - 0 runs, 1 hit, 0 errors, 1 left on base; Clinton 2 - Burlington 4 |
| TOP OF THE 9TH |
|
Clinton Pilots batting - Pitching for Burlington Bees : RHP Jim McCoy
|
|
Pitching: RHP Roland Dickerson
|
|
|
Batting: RHB Abe Rael
|
0-0: Swinging Strike 0-1: Ball 1-1: Swinging Strike 1-2: Ball 2-2: Strikes out swinging
|
|
Batting: LHB Thomas Berti
|
0-0: Called Strike 0-1: Swinging Strike 0-2: Foul Ball, location: 2F 0-2: Foul Ball, location: 2F 0-2: Ground out 4-3 (Groundball, 4D, EV 100.6 MPH)
|
|
Batting: RHB Alberto Reyes
|
0-0: Ball 1-0: Ball 2-0: Foul Ball, location: 2F 2-1: Called Strike 2-2: Ball 3-2: Ground out 6-3 (Groundball, 6, EV 88.1 MPH)
|
| Top of the 9th over - 0 runs, 0 hits, 0 errors, 0 left on base; Clinton 2 - Burlington 4 |
|